 Dungeon Crawl Stone Soup version 0.27.1-34-g3ba077fa99 (webtiles) character file.

Game seed: 11272676359344651560

32 alasdair19 the Shield-Bearer (level 3, 0/33 HPs)
             Began as a Minotaur Fighter on Feb 1, 2022.
             Slain by Natasha (2 damage)
             ... on level 4 of the Dungeon.
             The game lasted 00:02:18 (1162 turns).

alasdair19 the Shield-Bearer (Minotaur Fighter)     Turns: 1162, Time: 00:02:18

Health: 0/33       AC:  7    Str: 21    XL:     3   Next: 10%
Magic:  2/2        EV:  4    Int:  5    God:
Gold:   68         SH:  9    Dex:  9    Spells: 2/2 levels left

rFire    . . .     SeeInvis .   a - +0 long sword
rCold    . . .     Faith    .   c - +0 kite shield
rNeg     . . .     Spirit   .   b - +0 scale mail
rPois    .         Reflect  .   (helmet restricted)
rElec    .         Harm     .   l - scarf {repulsion}
rCorr    .         Rampage  .   (no gloves)
Will     .....                  (no boots)
Stlth    ..........             (no amulet)
HPRegen  0.11/turn              (no ring)
MPRegen  0.08/turn              (no ring)

@: mighty, weak-willed, slowed, constricted, repel missiles, very slow
A: horns 2, retaliatory headbutt
a: no special abilities


You were on level 4 of the Dungeon.
You visited 1 branch of the dungeon, and saw 3 of its levels.

You collected 68 gold pieces.

Inventory:

Hand Weapons
 a - a +0 long sword (weapon)
Missiles
 e - 22 sling bullets
Armour
 b - a +0 scale mail (worn)
 c - a +0 kite shield (worn)
 l - a scarf of repulsion (worn)
Jewellery
 m - a ring of poison resistance
Scrolls
 g - a scroll of silence {unknown}
 h - 4 scrolls of identify {unknown}
 j - 2 scrolls of noise {unknown}
Potions
 d - a potion of might
 f - a potion of brilliance {unknown}
 i - a potion of heal wounds {unknown}


   Skills:
 + Level 4.1 Fighting
 + Level 2.9 Long Blades
 + Level 4.0 Armour
 + Level 4.2 Shields


You had 2 spell levels left.
You didn't know any spells.
Your spell library was empty.

Dungeon Overview and Level Annotations

Branches:
Dungeon (2/15)

Altars:

Annotations:
D:4 Natasha


Innate Abilities, Weirdness & Mutations

You have a pair of horns on your head.
You reflexively headbutt those who attack you in melee.


Message History

The quokka bites you but does no damage.
The ball python bites you but does no damage.
The ball python constricts you. The orc hits you with a +0 club.
The crimson imp blinks!
The quokka barely misses you.
You riposte.
You slash the quokka!
You kill the quokka!
You block the ball python's attack. The ball python constricts you.
You barely miss the ball python. Your headbutt misses the ball python.
You block the orc's attack.
The ball python bites you but does no damage.
The ball python constricts you. Natasha barely misses you.
You block the orc's attack.
The ball python bites you but does no damage.
The ball python constricts you.
The crimson imp blinks!
Natasha claws you. You block the orc's attack.
You miss Natasha. The ball python bites you. The ball python constricts you.
Natasha casts a spell.
The ball python bites you. The ball python constricts you.
The orc hits you but does no damage. Natasha claws you.
The orc hits you with a +0 club. You block the ball python's attack.
The ball python constricts you.
Your shield prevents you from hitting Natasha.
You headbutt Natasha!
Natasha is severely wounded.
You block the ball python's attack. The ball python constricts you.
Natasha claws you but does no damage. The orc hits you but does no damage.
The ball python barely misses you. The ball python constricts you.
Natasha claws you. You block the orc's attack.
As you read the scroll labelled ZULOSI KOFREN, it crumbles to dust.
Magic quickly surges around you.
It was a scroll of vulnerability.
The ball python bites you.
* * * LOW HITPOINT WARNING * * *
The ball python constricts you. Natasha claws you.
* * * LOW HITPOINT WARNING * * *
The orc hits you with a +0 club.
* * * LOW HITPOINT WARNING * * *
The ball python bites you.
* * * LOW HITPOINT WARNING * * *
The ball python constricts you. Natasha claws you.
You die...

.##... ####......
#......... ##
......... ##..
...!.....
##...########........
#.......#5.#.........
#...5o#oS..........
###...ooh@#..o....#..
.......o###>o...##...
.........oo...<.# #
...##...........# ..
#.........[#..#
#..........#..#
.................
.#.###............ .
#. #......###..


You could see Natasha (weak-willed), a crimson imp (summoned), a shadow imp
(summoned, weak-willed), 5 orcs and a ball python (weak-willed).

Vanquished Creatures
  A dart slug (D:1)
  3 bats (D:1)
  2 endoplasms (D:1)
  A giant cockroach (D:1)
  A goblin (D:1)
  7 jackals (D:1)
  2 quokkas
  3 ball pythons (D:1)
  2 frilled lizards (D:1)
  2 kobolds (D:1)
  2 rats (D:1)
26 creatures vanquished.

Notes
Turn   | Place    | Note
-------+----------+-------------------------------------------
     0 | D:1      | alasdair19 the Minotaur Fighter began the quest for the
                  | Orb.
     0 | D:1      | Reached XP level 1. HP: 19/19 MP: 0/0
    44 | D:1      | Found a faded altar of an unknown god.
   411 | D:1      | Reached XP level 2. HP: 27/27 MP: 1/1
   663 | D:1      | Reached XP level 3. HP: 32/33 MP: 2/2
  1146 | D:2      | You fall into a shaft and drop 2 floors!
  1152 | D:4      | Noticed Natasha
  1162 | D:4      | Slain by Natasha

Illustrated notes

Levels and vault maps discovered:
D:1:      saegor_arrival_simple_d, layout_rooms,
          dreamdust_ecumenical_altar_sealed_demon, serial_bayou_pond_e,
          chequers_garden, hangedman_decor_opposing
D:2:      layout_basic, kennysheep_jessica_study
D:4:      layout_cave_pools, jmf_multi_god_temple, gammafunk_ghost_necromancy,
          uniq_natasha, uniq_edmund

Skill      XL: |  1  2 |
---------------+-------+-----
Shields        | 4 |  4.2
Fighting       | 4 |  4.1
Armour         | 4 |  4.0
Long Blades    | |  2.9

Action                   || total
-------------------------++-------
Melee: Long sword        ||    57
       Headbutt          ||    10
  Use: Scroll            ||     1
       Potion            ||     1
Armor: Scale mail        ||    37
Dodge: Dodged            ||    30
Block: Kite shield       ||    44
       Rpst.: Long sword ||     8
